 Dungeon Crawl Stone Soup version 0.21.0 (webtiles) character file.

161 WhistlerWCT the Skirmisher (level 5, 0/48 HPs)
             Began as a Minotaur Fighter on Jan 7, 2018.
             Slain by an orc
             ... wielding a +0 hand axe
              (3 damage)
             ... on level 3 of the Dungeon.
             The game lasted 00:08:15 (1707 turns).

WhistlerWCT the Skirmisher (Minotaur Fighter)       Turns: 1707, Time: 00:08:16

Health: 0/48       AC:  7    Str: 22    XL:     5   Next: 19%
Magic:  4/4        EV:  7    Int:  5    God:
Gold:   84         SH:  9    Dex:  9    Spells: 4/4 levels left

rFire    + . .     SeeInvis .   a - +0 long sword
rCold    x . .     Gourm    .   c - +0 shield
rNeg     . . .     Faith    .   b - +0 scale mail
rPois    .         Spirit   .   (helmet restricted)
rElec    .         Reflect  .   (no cloak)
rCorr    .         Harm     .   (no gloves)
MR       .....     Rnd*Tele +   (no boots)
Stlth    ..........             (no amulet)
HPRegen  0.16/turn              r - ring of fire
MPRegen  0.09/turn              t - ring of teleportation (curse)

@: no status effects
A: retaliatory headbutt, horns 2
a: no special abilities


You were on level 3 of the Dungeon.
You were not hungry.

You visited 1 branch of the dungeon, and saw 3 of its levels.

You collected 84 gold pieces.

Inventory:

Hand Weapons
 a - a +0 long sword (weapon)
Armour
 b - a +0 scale mail (worn)
 c - a +0 shield (worn)
 u - a +0 scale mail
Jewellery
 r - a ring of fire (left hand)
 t - a cursed ring of teleportation (right hand)
Scrolls
 e - 2 scrolls of blinking {unknown}
 g - 2 scrolls of magic mapping {unknown}
 h - 2 scrolls of fear {unknown}
 i - 5 scrolls of identify
 j - a scroll of enchant armour {unknown}
 k - 2 scrolls of amnesia {unknown}
 l - 2 scrolls of fog {unknown}
 n - 2 scrolls of teleportation
 o - a scroll of remove curse {unknown}
Potions
 d - 2 potions of might
 m - a potion of heal wounds {unknown}
 p - a potion of curing {unknown}
 q - a potion of agility
Comestibles
 f - 3 rations
 s - 5 chunks of flesh


   Skills:
 * Level 5.0 Fighting
 * Level 4.3 Long Blades
 + Level 4.4 Armour
 + Level 4.4 Shields


You had 4 spell levels left.
You didn't know any spells.

Dungeon Overview and Level Annotations

Branches:
Dungeon (3/15)

Altars:
Ashenzari


Innate Abilities, Weirdness & Mutations

You reflexively headbutt those who attack you in melee.
You have a pair of horns on your head.


Message History

* * * LOW HITPOINT WARNING * * *
You hit the orc but do no damage. Your headbutt misses the orc.
The orc is lightly wounded.
The orc hits you but does no damage.
You closely miss the orc.
The orc is lightly wounded.
You block the orc's attack.
You barely miss the orc.
The orc is lightly wounded.
The orc barely misses you. You furiously retaliate!
You headbutt the orc. The orc hits you but does no damage.
A goblin comes into view. It is wielding a club.
The goblin shouts!
You hit the orc. Your headbutt misses the orc.
The orc is severely wounded.
You block the orc's attack.
You hit the orc but do no damage. Your headbutt misses the orc.
The orc is severely wounded.
The orc hits you with a hand axe.
You die...

###.# ..#.
#.#. .#
...# #o#
.... #.#
##. #o###
#.# #%..##
#.###....#
#$@oog...#
####o††..#
##.†..#
#[...#
######


You could see 3 orcs and a goblin.

Vanquished Creatures
  An orc wizard (D:3)
  An iguana (D:3)
  3 gnolls (D:3)
  2 adders (D:2)
  A worm (D:2)
  A leopard gecko (D:1)
  5 orcs (D:3)
  7 bats
  2 giant cockroaches
  4 goblins
  7 hobgoblins
  10 kobolds
  A quokka (D:2)
  4 frilled lizards
  6 rats
  A toadstool (D:1)
56 creatures vanquished.

Vanquished Creatures (others)
  3 toadstools (D:1)
3 creatures vanquished.

Grand Total: 59 creatures vanquished

Notes
Turn   | Place    | Note
-------+----------+-------------------------------------------
     0 | D:1      | WhistlerWCT the Minotaur Fighter began the quest for the Orb.
     0 | D:1      | Reached XP level 1. HP: 19/19 MP: 0/0
   215 | D:1      | Found a shattered altar of Ashenzari.
   252 | D:1      | Reached XP level 2. HP: 27/27 MP: 1/1
   503 | D:1      | Reached skill level 4 in Fighting
  1077 | D:2      | Reached XP level 3. HP: 33/33 MP: 2/2
  1460 | D:3      | Reached XP level 4. HP: 28/41 MP: 3/3
  1701 | D:3      | Reached skill level 5 in Fighting
  1701 | D:3      | Reached XP level 5. HP: 6/48 MP: 4/4
  1702 | D:3      | HP: 2/48 [orc/hand axe (4)]
  1707 | D:3      | Slain by an orc

Skill      XL: |  1  2  3  4 |
---------------+-------------+-----
Long Blades    | 3 4 |  4.3
Fighting       | 4 5 |  5.0
Shields        | 4 |  4.4
Armour         | 4 |  4.4

Action                   |  1- 3 |  4- 6 || total
-------------------------+-------+-------++-------
Melee: Long sword        |   104 |    45 ||   149
       Headbutt          |    12 |     9 ||    21
  Use: Scroll            |       |     2 ||     2
  Eat: Chunk             |     2 |     1 ||     3
Armor: Scale mail        |    49 |    14 ||    63
Dodge: Dodged            |    38 |    10 ||    48
Block: Shield            |    47 |    25 ||    72
       Rpst.: Long sword |     4 |     2 ||     6
